 Dungeon Crawl Stone Soup version 0.20-a0-1126-g0f15420 (webtiles) character file.

2256 JiminyMac the Cleaver (level 9, -5/121 HPs)
             Began as a Minotaur Berserker on May 17, 2017.
             Was an Elder of Trog.
             Slain by enarc13's ghost (19 damage)
             ... on level 8 of the Dungeon.
             The game lasted 00:15:30 (6257 turns).

JiminyMac the Cleaver (Minotaur Berserker)          Turns: 6257, Time: 00:15:30

Health: -5/121     AC: 15    Str: 33    XL:     9   Next: 15%
Magic:  8/8        EV:  9    Int:  4    God:    Trog [****..]
Gold:   417        SH:  2    Dex: 13    Spells: 8/8 levels left

rFire    . . .     SeeInvis .   a - +0 hand axe
rCold    . . .     Gourm    .   (no shield)
rNeg     . . .     Faith    .   r - +0 plate armour
rPois    .         Spirit   .   (helmet restricted)
rElec    .         Reflect  +   (no cloak)
rCorr    .         Harm     .   b - +1 pair of gloves
MR       .....                  (no boots)
Stlth    ..........             t - +2 amulet of reflection
Regen    0.3/turn               x - +3 ring of strength
MPRegen  0.2/turn               s - +3 ring of dexterity

@: berserking, very quick
A: retaliatory headbutt, horns 2
a: Berserk, Trog's Hand, Brothers in Arms, Burn Spellbooks, Renounce Religion


You were on level 8 of the Dungeon.
You worshipped Trog.
Trog was greatly pleased with you.
You were hungry.

You visited 1 branch of the dungeon, and saw 8 of its levels.

You collected 538 gold pieces.
You spent 121 gold pieces at shops.

Inventory:

Hand Weapons
 a - a +0 hand axe (weapon)
Armour
 b - a +1 pair of gloves (worn)
 r - a +0 plate armour (worn)
Jewellery
 i - an uncursed amulet of regeneration
 s - a +3 ring of dexterity (right hand)
 t - a +2 amulet of reflection (around neck)
 x - a +3 ring of strength (left hand)
Wands
 D - a wand of polymorph (22/24)
 I - a wand of confusion (11/48)
 J - a wand of polymorph (13/24)
 L - a wand of lightning (13/15)
 N - a wand of digging (20/24)
Scrolls
 e - 2 scrolls of recharging
 k - a scroll of blinking {unknown}
 l - a scroll of amnesia {unknown}
 n - a scroll of immolation {unknown}
 o - a scroll of teleportation {unknown}
 v - 4 scrolls of remove curse {unknown}
 w - a scroll of enchant weapon {unknown}
 y - a scroll of identify
 E - a scroll of enchant armour
 F - a scroll of fear {unknown}
 K - 2 scrolls of summoning {unknown}
 M - a scroll of magic mapping {unknown}
Potions
 d - 3 potions of flight
 f - 2 potions of lignification
 j - 4 potions of might
 m - 2 potions of agility
 q - 5 potions of curing
 u - 2 potions of cancellation
 z - a potion of brilliance {unknown}
 A - a potion of invisibility {unknown}
 B - 2 potions of berserk rage {unknown}
 C - 3 potions of haste {unknown}
 H - a potion of heal wounds
 O - 2 potions of mutation {unknown}
Books
 G - a book of Conjurations

   Spells                             Type                      Level
   a - Magic Dart                     Conjuration                  1
   b - Searing Ray                    Conjuration                  2
   c - Dazzling Spray                 Conjuration/Hexes            3
   d - Fulminant Prism                Conjuration/Hexes            4
   e - Force Lance                    Conjuration/Translocation    4
   f - Iskenderun's Mystic Blast      Conjuration                  4
   Trog disapproves of the use of such an item.
Comestibles
 c - 6 bread rations
 g - 5 meat rations
 h - 10 fruits
 p - a royal jelly


   Skills:
 + Level 8.1 Fighting
 * Level 10.9 Axes
 + Level 7.6 Armour
 - Level 2.1 Dodging


You had 8 spell levels left.
You didn't know any spells.

Dungeon Overview and Level Annotations

Branches:
Dungeon (8/15)             Temple (0/1) D:7
   Lair: D:8-11

Altars:
Ashenzari
Hepliaklqana
Makhleb
Ru
Sif Muna
Uskayaw

Shops:
D:5 !

Annotations:
D:8 enarc13's ghost, novice TrMo


Innate Abilities, Weirdness & Mutations

You reflexively headbutt those who attack you in melee.
You have a pair of horns on your head.


Message History

You closely miss enarc13's ghost.
Enarc13's ghost is moderately damaged.
Enarc13's ghost hits you but does no damage.
You closely miss enarc13's ghost.
Enarc13's ghost is moderately damaged.
You closely miss enarc13's ghost. Your headbutt misses enarc13's ghost.
Enarc13's ghost is moderately damaged.
Enarc13's ghost hits you!
* * * LOW HITPOINT WARNING * * *
You hit enarc13's ghost. You headbutt enarc13's ghost!
Enarc13's ghost is moderately damaged.
Enarc13's ghost hits you!
* * * LOW HITPOINT WARNING * * *
You slash enarc13's ghost! You headbutt enarc13's ghost.
Enarc13's ghost is heavily damaged.
You are feeling hungry.
You hit enarc13's ghost.
Enarc13's ghost is heavily damaged.
Enarc13's ghost hits you!!
You die...

##########.............#
#.............#
#.............#
#.............#
#.............#
#####.............#
............#######
....>..W....#
.......@....#
............#
............#
............############
#'########..............
. #..............
#..............
#..............
#..............


You could see enarc13's ghost.

Vanquished Creatures
  Joseph (D:8)
  A wyvern (D:5)
  An orc warrior (D:8)
  3 ice beasts
  2 ogres
  The ghost of w0kki the Slasher, an amateur DsWn of Gozag (D:3)
  3 bullfrogs
  A scorpion (D:6)
  5 killer bees (D:7)
  A howler monkey (D:4)
  2 jellies
  An orc wizard (D:6)
  A bullfrog skeleton (D:7)
  2 centaur skeletons (D:4)
  3 orc priests
  An iguana (D:5)
  6 worker ants
  2 hound skeletons
  A howler monkey zombie (D:7)
  A worker ant zombie (D:8)
  Robin (D:2)
  4 gnolls (D:6)
  5 adders
  An ooze (D:1)
  4 worms
  2 dart slugs
  3 leopard geckos
  20 orcs
  8 bats
  3 giant cockroaches
  8 goblins
  10 hobgoblins
  13 jackals
  4 kobolds
  4 quokkas
  A ball python (D:2)
  3 frilled lizards
  A quokka zombie (D:5)
  6 rats
140 creatures vanquished.

Notes
Turn   | Place    | Note
-------+----------+-------------------------------------------
     0 | D:1      | JiminyMac the Minotaur Berserker began the quest for the Orb.
     0 | D:1      | Reached XP level 1. HP: 19/19 MP: 0/0
   243 | D:1      | Reached skill level 4 in Axes
   243 | D:1      | Reached XP level 2. HP: 25/27 MP: 1/1
  1032 | D:2      | Reached XP level 3. HP: 33/33 MP: 2/2
  1054 | D:2      | Noticed Robin
  1061 | D:2      | Killed Robin
  1063 | D:2      | Reached ** piety under Trog
  1473 | D:2      | Reached skill level 5 in Axes
  1752 | D:3      | Reached XP level 4. HP: 40/40 MP: 3/3
  1943 | D:3      | Noticed w0kki's ghost (amateur DsWn)
  1954 | D:3      | Killed w0kki's ghost
  1954 | D:3      | Reached XP level 5. HP: 47/47 MP: 4/4
  2298 | D:2      | Found a shattered altar of Ashenzari.
  2412 | D:3      | Found a shattered altar of Ashenzari.
  2414 | D:3      | Found a sacrificial altar of Ru.
  2416 | D:3      | Found a hazy altar of Hepliaklqana.
  2757 | D:4      | Reached skill level 6 in Axes
  2759 | D:4      | Reached XP level 6. HP: 50/55 MP: 5/5
  2847 | D:4      | Reached skill level 5 in Fighting
  2920 | D:4      | Reached *** piety under Trog
  3330 | D:5      | Entered Level 5 of the Dungeon
  3368 | D:5      | Found a deep blue altar of Sif Muna.
  3549 | D:5      | Reached skill level 7 in Axes
  3549 | D:5      | Reached skill level 5 in Armour
  3594 | D:5      | Noticed an ice beast
  3600 | D:5      | Killed an ice beast
  3600 | D:5      | Reached XP level 7. HP: 47/61 MP: 6/6
  3778 | D:5      | Noticed a wyvern
  3787 | D:5      | Killed a wyvern
  3858 | D:5      | Found Tevesi's Distillery.
  3862 | D:5      | Bought a potion of flight for 33 gold pieces
  3862 | D:5      | Bought a potion of curing for 33 gold pieces
  3862 | D:5      | Bought a potion of heal wounds for 55 gold pieces
  4044 | D:6      | Reached skill level 8 in Axes
  4348 | D:6      | Reached XP level 8. HP: 71/71 MP: 7/7
  4639 | D:7      | Reached skill level 9 in Axes
  4984 | D:7      | Found a staircase to the Ecumenical Temple.
  5115 | D:7      | Reached **** piety under Trog
  5830 | D:8      | Reached skill level 10 in Axes
  5888 | D:8      | Noticed Joseph
  5891 | D:8      | Reached XP level 9. HP: 81/81 MP: 8/8
  5905 | D:8      | Killed Joseph
  6184 | D:8      | Found a burning altar of Makhleb.
  6184 | D:8      | Found a deep blue altar of Sif Muna.
  6189 | D:8      | Found a hide-covered altar of Uskayaw.
  6191 | D:8      | Found a faded altar of an unknown god.
  6192 | D:8      | Found a faded altar of an unknown god.
  6240 | D:8      | Noticed enarc13's ghost (novice TrMo)
  6257 | D:8      | Slain by enarc13's ghost

Vault maps used:
D:1:      lightli_arrival_farm
D:2:      lemuel_upstairs_altar, uniq_robin
D:3:      grunt_temple_overflow_open
D:4:      serial_bayou_pond_e
D:5:      first_bread, serial_shops, kennysheep_mini, led_sif_pool
D:7:      minmay_temple_entry_butterflies
D:8:      chequers_temple_overflow_minitemple, uniq_joseph

Skill      XL: |  1  2  3  4  5  6  7  8  9 |
---------------+----------------------------+-----
Axes           | 4 5 6 7 8 10 | 10.9
Armour         | 3 4 5 6 7 |  7.6
Fighting       | 4 5 6 7 8 |  8.1
Dodging        | |  2.1

Action                   |  1- 3 |  4- 6 |  7- 9 || total
-------------------------+-------+-------+-------++-------
Melee: Hand axe          |    63 |   127 |   159 ||   349
       Headbutt          |    13 |    35 |    44 ||    92
Invok: Berserk           |     1 |     3 |     7 ||    11
  Use: Scroll            |     1 |     2 |     7 ||    10
  Eat: Chunk             |     3 |     9 |     8 ||    20
       Bread ration      |       |       |     1 ||     1
       Royal jelly       |       |       |     1 ||     1
Armor: Animal skin       |    19 |       |       ||    19
       Ring mail         |     1 |     9 |       ||    10
       Plate armour      |       |    52 |    76 ||   128
Dodge: Dodged            |    47 |    47 |    62 ||   156
Block: Other             |       |       |     4 ||     4
